General information
- name: BNet
- type: Ladder team game (AT/RT)
- host: Battle.net
- saver: noooooobs
map: GnollWood
- players: 4
- length: 13:10
- speed: Fast
- version: 1.24 W3XP
- replay type: Public
» download(79 KB)
Players
team 1 (winner)
noooooobs (
teal | 107 APM | 1406 actions | 13:10)
3 Blademaster
2 Wind Walk
1 Critical Strike
3 Shadow Hunter
1 Hex
2 Healing Wave
» actions
| Assign group hotkey | 37 | |
| Basic commands | 25 | |
| Build / train | 48 | |
| ESC pressed | 4 | |
| Enter build submenu | 12 | |
| Enter hero's abilities submenu | 6 | |
| Right click | 574 | |
| Select / deselect | 449 | |
| Select group hotkey | 167 | |
| Use ability | 84 | |
1406 total
» units
| Peon | 7 | |
| Grunt | 7 | |
| Raider | 5 | |
| Spirit Walker | 5 | |
| Kodo Beast | 2 | |
| Troll Headhunter/Berserker | 1 | |
27 total
» upgrades
| Berserker Strength | 1 | |
| Ensnare | 1 | |
| Spirit Walker Training | 1 | |
3 total
» buildings
| Altar of Storms | 1 | |
| Orc Burrow | 4 | |
| Voodoo Lounge | 2 | |
| Barracks | 1 | |
| Stronghold | 1 | |
| Beastiary | 1 | |
| Spirit Lodge | 1 | |
| War Mill | 1 | |
| Watch Tower | 1 | |
13 total
» build order
00:08 Altar of Storms
00:19 Orc Burrow
00:49 Voodoo Lounge
01:26 Barracks
02:58 Stronghold
03:12 Orc Burrow
05:22 Beastiary
05:26 Orc Burrow
05:52 Spirit Lodge
07:36 Orc Burrow
08:53 War Mill
10:29 Voodoo Lounge
10:31 Watch Tower
» items
| Healing Salve | 3 | |
| Lesser Clarity Potion | 2 | |
| Circlet of Nobility | 2 | |
| Boots of Speed | 1 | |
| Scroll of Town Portal | 1 | |
9 total
XAPALOPITEK (
red | 142 APM | 1868 actions | 13:09)
4 Death Knight
2 Death Coil
1 Unholy Aura
1 Death Pact
3 Lich
2 Frost Nova
1 Frost Armor
1 Crypt Lord
1 Impale
» actions
| Assign group hotkey | 60 | |
| Basic commands | 153 | |
| Build / train | 92 | |
| ESC pressed | 3 | |
| Enter build submenu | 13 | |
| Enter hero's abilities submenu | 8 | |
| Give item / drop item | 7 | |
| Right click | 747 | |
| Select / deselect | 274 | |
| Select group hotkey | 414 | |
| Use ability | 97 | |
1868 total
» units
| Acolyte | 3 | |
| Ghoul | 2 | |
| Crypt Fiend | 16 | |
| Obsidian Statue | 12 | |
33 total
» upgrades
| Burrow | 2 | |
| Destroyer Form | 1 | |
| Web | 1 | |
4 total
» buildings
| Crypt | 1 | |
| Graveyard | 1 | |
| Altar of Darkness | 1 | |
| Ziggurat | 5 | |
| Tomb of Relics | 1 | |
| Halls of the Dead | 1 | |
| Nerubian Tower | 1 | |
| Black Citadel | 11 | |
| Slaughterhouse | 1 | |
23 total
» build order
00:06 Crypt
00:14 Graveyard
00:31 Altar of Darkness
00:48 Ziggurat
01:17 Tomb of Relics
01:51 Ziggurat
03:27 Halls of the Dead
04:17 Nerubian Tower
04:58 Ziggurat
06:35 Black Citadel
06:36 Black Citadel
06:36 Black Citadel
06:36 Black Citadel
07:03 Slaughterhouse
07:41 Black Citadel
07:42 Black Citadel
07:42 Black Citadel
07:58 Ziggurat
11:13 Ziggurat
» items
| Rod of Necromancy | 5 | |
| Dust of Appearance | 1 | |
| Scroll of Town Portal | 1 | |
| Orb of Corruption | 6 | |
13 total
team 2 (loser)
INSekto (
yellow | 54 APM | 713 actions | 13:09)
3 Keeper of the Grove
2 Entangling Roots
1 Thorns Aura
» actions
| Basic commands | 5 | |
| Build / train | 41 | |
| Enter build submenu | 13 | |
| Enter hero's abilities submenu | 3 | |
| Right click | 441 | |
| Select / deselect | 169 | |
| Use ability | 41 | |
713 total
» units
| Wisp | 18 | |
| Huntress | 8 | |
| Druid of the Claw | 4 | |
30 total
» upgrades
| Strength of the Moon | 1 | |
| Druid of the Claw Training | 1 | |
2 total
» buildings
| Altar of Elders | 1 | |
| Moon Well | 4 | |
| Hunter's Hall | 1 | |
| Ancient of War | 2 | |
| Tree of Ages | 1 | |
| Tree of Life | 1 | |
| Ancient of Lore | 2 | |
| Ancient of Wonders | 1 | |
| Tree of Eternity | 1 | |
14 total
» build order
01:01 Altar of Elders
01:03 Moon Well
01:30 Hunter's Hall
02:04 Ancient of War
02:29 Ancient of War
03:07 Moon Well
05:00 Moon Well
05:34 Tree of Ages
07:34 Tree of Life
08:16 Ancient of Lore
08:35 Ancient of Wonders
08:40 Moon Well
10:57 Ancient of Lore
12:50 Tree of Eternity
» items
| Dust of Appearance | 1 | |
| Potion of Invisibility | 1 | |
| Potion of Healing | 1 | |
3 total
Marcinus (
green | 81 APM | 1053 actions | 12:58)
3 Death Knight
2 Death Coil
1 Unholy Aura
2 Lich
1 Frost Armor
1 Frost Nova
» actions
| Assign group hotkey | 40 | |
| Basic commands | 10 | |
| Build / train | 41 | |
| ESC pressed | 1 | |
| Enter build submenu | 14 | |
| Enter hero's abilities submenu | 7 | |
| Give item / drop item | 1 | |
| Right click | 500 | |
| Select / deselect | 181 | |
| Select group hotkey | 198 | |
| Use ability | 60 | |
1053 total
» units
| Acolyte | 3 | |
| Ghoul | 2 | |
| Crypt Fiend | 12 | |
| Obsidian Statue | 3 | |
20 total
» upgrades
| Creature Attack | 1 | |
| Web | 1 | |
| Destroyer Form | 1 | |
3 total
» buildings
| Graveyard | 1 | |
| Crypt | 1 | |
| Altar of Darkness | 1 | |
| Ziggurat | 6 | |
| Tomb of Relics | 1 | |
| Nerubian Tower | 1 | |
| Halls of the Dead | 2 | |
| Black Citadel | 1 | |
| Slaughterhouse | 1 | |
15 total
» build order
00:13 Graveyard
00:15 Crypt
00:21 Altar of Darkness
00:50 Ziggurat
01:05 Ziggurat
01:18 Tomb of Relics
02:06 Nerubian Tower
03:50 Halls of the Dead
04:58 Ziggurat
05:01 Ziggurat
06:24 Black Citadel
06:36 Slaughterhouse
08:05 Ziggurat
11:07 Ziggurat
» items
| Rod of Necromancy | 1 | |
| Dust of Appearance | 1 | |
| Scroll of Town Portal | 1 | |
| Orb of Corruption | 1 | |
4 total
Chat log
(00:21 / Allies) XAPALOPITEK: map bad (
(00:26 / Allies) noooooobs: good for orc
(00:29 / Allies) XAPALOPITEK: yes
(00:29 / Allies) noooooobs: shops :)
(00:34 / Allies) XAPALOPITEK: )
(00:40 / Allies) XAPALOPITEK: good
(00:44 / Allies) noooooobs: y
(02:32 / Allies) XAPALOPITEK: elf ud?
(02:33 / Allies) noooooobs: y
(06:03 / Allies) XAPALOPITEK: wood pls
(06:06 / Allies) noooooobs: shit
(07:23 / Allies) noooooobs: - fiend
(07:27 / Allies) XAPALOPITEK: gj
(07:28 / Allies) noooooobs: and - coil
(10:30 / Allies) XAPALOPITEK: gold pls
(10:36 / Allies) XAPALOPITEK: ty
(10:44 / Allies) noooooobs: need tp?